Unix NetHack Version 3.7.0-86 Work-in-progress - last build May 30 2023 01:50:43 (cc98dc9aa62a9957b082a042edf5bd7ec9f632c7,branch:master). Game began 2023-06-08 08:50:59, ended 2023-06-08 08:53:32. MalkMcJorma, chaotic female elven Priestess ---- |..--- -- ....-- |.. - -- -....| |....----. |....-- -........ |.....| -........ -----.%...| |.........---.|.......- |...................|... --..(......h.G@..<----..| -....... |........| --- |..... |........| | | |.G......| --....---- ...... -------- MalkMcJorma the Aspirant St:16 Dx:9 Co:12 In:10 Wi:20 Ch:8 Chaotic Dlvl:5 $:17 HP:0(16) Pw:17(17) AC:7 Xp:2/33 T:328 Latest messages: A little dart shoots out at you! A little dart misses you. Suddenly, Blackfell falls through a trap door. There are several objects here. You hear a soft click. There are several objects here. There are several objects here. There are several objects here. There is an uncursed dwarf corpse here; eat it? [ynq] (n) This dwarf corpse tastes terrible! You finish eating the dwarf corpse. There are several objects here. A trap door opens up under you! You see here an uncursed towel. k - an uncursed towel. You kill the lichen! You see here an uncursed lichen corpse. l - an uncursed lichen corpse. You hear some noises in the distance. You descend the stairs. You see here 13 gold pieces. $ - 13 gold pieces. You see here an uncursed yellow potion. m - an uncursed yellow potion. You find a hidden door. The door resists! The door opens. You see here 4 gold pieces. $ - 4 gold pieces (17 in total). You see here an uncursed jeweled wand. n - an uncursed jeweled wand. You descend the stairs. You miss the gnome. You kill the gnome! You hit the gnome lord! You miss the gnome lord. The gnome lord hits! You kill the gnome lord! Welcome to experience level 2. You see here an uncursed gnome lord corpse. The gnome picks up an uncursed gem. You hit the gnome! You miss the gnome. The dwarf wields an uncursed broad short sword! Suddenly, the dwarf falls through a trap door. The gnome wields 4 uncursed daggers! The gnome shoots 2 crossbow bolts! You are hit by the 1st crossbow bolt! You are hit by the 2nd crossbow bolt! You die... Inventory: Coins ('$') $ - 17 gold pieces Weapons (')') a - a blessed +1 mace (weapon in hand) Armor ('[') c - an uncursed +0 small shield (being worn) b - an uncursed +0 robe (being worn) Comestibles ('%') e - an uncursed clove of garlic f - an uncursed sprig of wolfsbane l - an uncursed lichen corpse Spellbooks ('+') h - an uncursed spellbook of detect unseen g - an uncursed spellbook of light Potions ('!') m - an uncursed potion of enlightenment d - 4 potions of holy water Wands ('/') n - an uncursed wand of digging (0:4) Tools ('(') i - an uncursed wooden harp k - an uncursed towel MalkMcJorma the Priestess's attributes: Background: You were an Aspirant, a level 2 elven Priestess. You were chaotic, on a mission for Mars who was opposed by Mercury (lawful) and Venus (neutral). You were in the Gnomish Mines, on level 5. You entered the dungeon 328 turns ago. You had 33 experience points, 7 more were needed to attain level 3. Basics: You had 0 out of 16 hit points. You had all 17 energy points (spell power). Your armor class was 7. Your wallet contained 17 zorkmids. Autopickup was off. Final Characteristics: Your strength was 16 (limit:18). Your dexterity was 9 (limit:18). Your constitution was 12 (limit:16). Your intelligence was 10 (limit:20). Your wisdom was 20 (limit:20). Your charisma was 8 (limit:18). Final Status: You were not hungry. You were unencumbered. You were wielding a mace. You had basic skill with mace. Final Attributes: You were fervently aligned. You had infravision. You were guarded. You are dead. Miscellaneous: You disabled loading of bones levels. Total elapsed playing time was 2 minutes and 28 seconds. Major events: Turn 1: MalkMcJorma the chaotic elven Priestess entered the dungeon 301: entered the Gnomish Mines 328: killed by a crossbow bolt Vanquished creatures: a gnome leader a gnome a goblin a grid bug a lichen 5 creatures vanquished. No species were genocided or became extinct. Voluntary challenges: You were an atheist. You were illiterate. You never engraved Elbereth. You never genocided any monsters. You never polymorphed an object. You never changed form. You used no wishes. Achievement: You entered the Gnomish Mines. The Dungeons of Doom: levels 1 to 4 Level 1: A fountain. Level 2: Level 3: Level 4: A fountain. Stairs down to The Gnomish Mines. The Gnomish Mines: Level 5: <- You were here. Final resting place for you, killed by a crossbow bolt. Game over: ---------- / \ / REST \ / IN \ / PEACE \ / \ | MalkMcJorma | | 17 Au | | killed by a | | crossbow bolt | | | | | | 2023 | *| * * * | * _________)/\\_//(\/(/\)/\//\/|_)_______ Goodbye MalkMcJorma the Priestess... You died in The Gnomish Mines on dungeon level 5 with 358 points, and 17 pieces of gold, after 328 moves. You were level 2 with a maximum of 16 hit points when you died.